 Dungeon Crawl Stone Soup version 0.27.1-34-g3ba077fa99 (console) character file.

Game seed: 6178959065520456080

183 Banquo the Shield-Bearer (level 5, -2/42 HPs)
             Began as a Formicid Fighter on Feb 16, 2022.
             Succumbed to a gnoll's poison
             ... on level 3 of the Dungeon.
             The game lasted 00:07:13 (2354 turns).

Banquo the Shield-Bearer (Formicid Fighter)         Turns: 2354, Time: 00:07:13

Health: -2/42      AC: 12    Str: 21    XL:     5   Next: 94%
Magic:  5/5        EV:  8    Int:  8    God:
Gold:   101        SH: 10    Dex: 16    Spells: 4/4 levels left

rFire    + . .     SeeInvis +   a - +0 war axe
rCold    . . .     Faith    .   i - +0 kite shield
rNeg     . . .     Spirit   .   d - +3 scale mail
rPois    .         Reflect  .   (helmet unavailable)
rElec    .         Harm     .   (no cloak)
rCorr    .         Rampage  .   (no gloves)
Will     .....                  f - +1 pair of boots
Stlth    ..........             (no amulet)
HPRegen  0.14/turn              F - ring of protection from fire
MPRegen  0.09/turn              c - +6 ring of dexterity

@: lethally poisoned (-2 -> -32)
A: permanent stasis, dig shafts and tunnels, antennae 3, four strong arms
a: Dig, Shaft Self


You were on level 3 of the Dungeon.
You visited 1 branch of the dungeon, and saw 5 of its levels.

You collected 101 gold pieces.

Inventory:

Hand Weapons
 a - a +0 war axe (weapon)
 n - a +1 flail of draining
Missiles
 g - 27 poisoned darts
 k - 15 stones
 q - 6 boomerangs
Armour
 b - a +0 scale mail
 d - a +3 scale mail (worn)
 f - a +1 pair of boots (worn)
 i - a +0 kite shield (worn)
Jewellery
 c - a +6 ring of dexterity (right hand)
 F - a ring of protection from fire (left hand)
Scrolls
 l - 3 scrolls of identify {unknown}
 m - 3 scrolls of amnesia {unknown}
 o - 4 scrolls of teleportation {unknown}
 r - a scroll of immolation {unknown}
 u - a scroll of enchant weapon {unknown}
Potions
 e - a potion of lignification {unknown}
 h - a potion of flight {unknown}
 j - a potion of curing {unknown}
 p - a potion of invisibility {unknown}
 s - a potion of attraction {unknown}
 t - a potion of might
 v - a potion of haste {unknown}


   Skills:
 + Level 4.0 Fighting
 * Level 4.0 Axes
 + Level 4.1 Armour
 + Level 0.9 Dodging
 + Level 4.3 Shields


You had 4 spell levels left.
You didn't know any spells.
Your spell library contained the following spells:

 Spells                   Type           Power      Damage    Failure   Level
 Corona                   Hex            0%         N/A       97%         1
 Ensorcelled Hibernation  Hex/Ice        0%         N/A       99%         2
 Stone Arrow              Conj/Erth      0%         3d7       100%        3
 Tukima's Dance           Hex            0%         N/A       100%        3
 Animate Armour           Summ/Erth      0%         N/A       100%        4
 Lehudib's Crystal Spear  Conj/Erth      0%         10d2      100%        8


Dungeon Overview and Level Annotations

Branches:
Dungeon (5/15)
 Temple: D:4-7

Altars:
Gozag

Annotations:
D:2 Sigmund


Innate Abilities, Weirdness & Mutations

You cannot be hasted, slowed, berserked, paralysed or teleported.
You can dig through walls and to a lower floor.
You have a pair of large antennae on your head. (SInv)
Your four strong arms can wield two-handed weapons with a shield.


Message History

A gnoll comes into view. It is wielding a +2 spear of venom.
You extend your mandibles.
You dig through the rock wall.
You dig through the rock wall.
You dig through the rock wall.
You retract your mandibles.
The gnoll barely misses you.
You slash the gnoll!
The gnoll is heavily wounded.
You block the gnoll's attack. The gnoll hits you but does no damage.
You barely miss the gnoll.
The gnoll is heavily wounded.
The gnoll barely misses you.
You hit the gnoll.
The gnoll is almost dead.
The gnoll hits you with a +2 vorpal spear.
The gnoll hits you with a +2 vorpal spear!
You slash the gnoll!
You kill the gnoll!
Your Axes skill increases to level 4!
You hit the gnoll but do no damage. The gnoll closely misses you.
The gnoll hits you with a +0 halberd.
You hit the gnoll.
The gnoll is heavily wounded.
The gnoll closely misses you.
You slash the gnoll!
You kill the gnoll!
You closely miss the gnoll.
The gnoll hits you with a +2 spear of venom.
You are poisoned.
The gnoll hits you with a +2 spear of venom!
You are lethally poisoned!
You hit the gnoll.
The gnoll is lightly wounded.
You feel very sick.
The gnoll hits you with a +2 spear of venom.
* * * LOW HITPOINT WARNING * * *
You are more poisoned.
You hit the gnoll.
The gnoll is heavily wounded.
You die...

.. .. .. .#. .#.
{..{ #####
##.###########.#@#
..g....gg.....#g##
##.##########.###
#. #.# ## #####.#
#<....# #######


You could see a gnoll.

Vanquished Creatures
  A hound (D:4)
  Jessica (D:2)
  Terence (D:2)
  4 gnolls
  2 adders
  3 dart slugs
  4 ball pythons (D:1)
  4 endoplasms
  A giant cockroach (D:1)
  A goblin (D:1)
  5 hobgoblins
  2 jackals (D:2)
  4 kobolds
  3 quokkas (D:1)
  6 bats
  A frilled lizard (D:2)
  3 rats
46 creatures vanquished.

Notes
Turn   | Place    | Note
-------+----------+-------------------------------------------
     0 | D:1      | Banquo the Formicid Fighter began the quest for the Orb.
     0 | D:1      | Reached XP level 1. HP: 18/18 MP: 1/1
     1 | D:1      | Noticed an electric eel
    80 | D:1      | Reached XP level 2. HP: 24/24 MP: 2/2
   422 | D:1      | Reached XP level 3. HP: 27/29 MP: 3/3
  1166 | D:2      | Noticed Jessica
  1172 | D:2      | Killed Jessica
  1173 | D:2      | Reached XP level 4. HP: 36/37 MP: 4/4
  1224 | D:2      | Noticed Sigmund
  1233 | D:2      | You fall into a shaft and drop 2 floors!
  1233 | D:4      | Found an opulent altar of Gozag.
  1243 | D:4      | You fall into a shaft and drop 1 floor!
  1243 | D:5      | Entered Level 5 of the Dungeon
  1271 | D:4      | Reached XP level 5. HP: 39/42 MP: 5/5
  1726 | D:2      | Noticed Terence
  1754 | D:2      | Killed Terence
  2354 | D:3      | Succumbed to a gnoll's poison

Illustrated notes

Levels and vault maps discovered:
D:1:      arrival_aquarium_a, layout_basic, grunt_decor_junction,
          minmay_strange_pillars
D:2:      layout_loops_corners, uniq_sigmund, uniq_jessica, uniq_terence
D:3:      layout_basic, serial_corexii_hall, corexii_hall_statues_u,
          corexii_hall_statues_i
D:4:      layout_rooms, nicolae_elyvilon_peaceful_grove,
          mainiacjoe_overflow_six_doors_small, chequers_arboretum,
          minmay_misc_feat_secret_circle
D:5:      layout_cave_pools, lemuel_mausoleum_altar_kikubaaqudgha

Skill      XL: |  1  2  3  4  5 |
---------------+----------------+-----
Shields        | 4 |  4.3
Axes           | 3 4 |  4.0
Armour         | 4 |  4.1
Fighting       | 4 |  4.0
Dodging        | |  0.9

Action                   |  1- 3 |  4- 6 || total
-------------------------+-------+-------++-------
Melee: War axe           |    76 |    58 ||   134
 Abil: Shaft Self        |       |     1 ||     1
       Dig               |       |     8 ||     8
Armor: Scale mail        |    36 |    20 ||    56
Dodge: Dodged            |    33 |    16 ||    49
Block: Kite shield       |    47 |    28 ||    75
